 Dungeon Crawl Stone Soup version 0.21.1-1-g345015fe64 (webtiles) character file.

195 RepoMan the Covert (level 5, 38/38 HPs)
             Began as a Vampire Assassin on June 5, 2018.
             Safely got out of the dungeon.
             The game lasted 00:16:48 (6278 turns).

RepoMan the Covert (Vampire Assassin)               Turns: 6278, Time: 00:16:48

Health: 38/38      AC:  3    Str: 10    XL:     5   Next: 45%
Magic:  5/5        EV: 12    Int: 19    God:
Gold:   160        SH:  3    Dex: 16    Spells: 4/4 levels left

rFire    . . .     SeeInvis +   a - +2 dagger
rCold    + + .     Gourm    .   (no shield)
rNeg     + + +     Faith    .   c - +0 robe
rPois    ∞         Spirit   .   (no helmet)
rElec    .         Reflect  +   d - +0 cloak
rCorr    .         Harm     .   (no gloves)
MR       .....                  (no boots)
Stlth    ++++++....             u - +3 amulet of reflection
HPRegen  0.00/turn              p - +5 ring of intelligence
MPRegen  0.09/turn              v - ring of wizardry

@: bloodless, non-regenerating
A: fangs 3, see invisible, unbreathing
a: Bat Form


You escaped.
You were bloodless.

You visited 1 branch of the dungeon, and saw 3 of its levels.

You collected 160 gold pieces.

Inventory:

Hand Weapons
 a - a +2 dagger (weapon)
 b - a +0 blowgun
 x - a +3 hunting sling
Missiles
 e - 5 poisoned needles
 f - 2 curare-tipped needles
 w - 5 needles of frenzy
Armour
 c - a +0 robe (worn)
 d - a +0 cloak (worn)
Jewellery
 p - a +5 ring of intelligence (left hand)
 u - a +3 amulet of reflection (around neck)
 v - a ring of wizardry (right hand)
Scrolls
 h - 5 scrolls of identify {unknown}
 i - 2 scrolls of immolation {unknown}
 o - 2 scrolls of blinking {unknown}
 q - 2 scrolls of remove curse {unknown}
 r - 2 scrolls of teleportation {unknown}
 t - a scroll of fog {unknown}
Potions
 g - 2 potions of blood
 j - a potion of might {unknown}
 k - a potion of heal wounds {unknown}
 l - a potion of invisibility {unknown}
 m - a potion of haste {unknown}
 n - 3 potions of flight {unknown}
 s - 2 potions of lignification {unknown}
 z - 2 potions of curing {unknown}


   Skills:
 + Level 2.2 Fighting
 * Level 4.0 Short Blades
 - Level 1.5 Throwing
 + Level 1.9 Dodging
 * Level 8.5 Stealth


You had 4 spell levels left.
You didn't know any spells.

Dungeon Overview and Level Annotations

Branches:
Dungeon (3/15)

Altars:
Yredelemnul


Innate Abilities, Weirdness & Mutations

You do not heal naturally.
You are immune to poison.
You have razor-sharp teeth.
You have supernaturally acute eyesight. (SInv)
You can survive without breathing.


Message History

You start waiting.
Done waiting.
You start waiting.
Done waiting.
You start waiting.
You feel devoid of blood!
You start waiting.
Done waiting.
You start waiting.
Done waiting.
You start waiting.
Done waiting.
You start waiting.
Done waiting.
You start waiting.
Done waiting.
You start waiting.
Done waiting.
Are you sure you want to leave the Dungeon?
This will make you lose the game!
You have escaped!

(#.###.........#
#.#.##.#
....#....).....#
#......#
.#.##...########
###.#### ....#...# #.#
.#.##...# #.# ....#...#
#.# .#.#....# #.#
..>..############# #.#
.#.#.###........@# #.#
.....#....########## #.#
.#.#.#.........(...###.#
##.#.#...............#.#
#.(.#.8..#######..8[#.#
###.#....#lwrac#....#.#
#.#.8..#######..8.#.#
#.#...............#.#
#.###.8.......8.###.#


There were no monsters in sight!

Vanquished Creatures
  A scorpion (D:3)
  Terence (D:3)
  4 adders
  An ooze (D:3)
  2 worms (D:2)
  4 dart slugs
  2 leopard geckos
  2 orcs (D:3)
  A giant cockroach (D:3)
  8 goblins
  11 hobgoblins
  7 kobolds
  2 quokkas (D:3)
  2 ball pythons
  5 bats
  2 frilled lizards
  6 rats
61 creatures vanquished.

Notes
Turn   | Place    | Note
-------+----------+-------------------------------------------
     0 | D:1      | RepoMan the Vampire Assassin began the quest for the Orb.
     0 | D:1      | Reached XP level 1. HP: 16/16 MP: 1/1
     6 | D:1      | Noticed an iguana
     6 | D:1      | Noticed a queen ant
     7 | D:1      | Noticed a centaur warrior
    17 | D:1      | Reached skill level 6 in Stealth
   239 | D:1      | Reached XP level 2. HP: 22/22 MP: 2/2
   462 | D:1      | Reached skill level 7 in Stealth
   589 | D:2      | Reached XP level 3. HP: 27/27 MP: 3/3
   754 | D:2      | Found a basalt altar of Yredelemnul.
  1372 | D:3      | Reached XP level 4. HP: 31/33 MP: 4/4
  3549 | D:3      | Reached skill level 8 in Stealth
  3824 | D:3      | Reached XP level 5. HP: 14/38 MP: 5/5
  4236 | D:3      | Noticed Terence
  4758 | D:3      | Killed Terence
  6278 | D:$      | Safely got out of the dungeon.

Skill      XL: |  1  2  3  4  5 |
---------------+----------------+-----
Stealth        | 6 7 8 |  8.5
Short Blades   | 3 4 |  4.0
Fighting       | 2 |  2.2
Throwing       | |  1.5
Dodging        | |  1.9

Action                   |  1- 3 |  4- 6 || total
-------------------------+-------+-------++-------
Melee: Dagger            |   116 |    75 ||   191
       Bite              |    18 |     4 ||    22
 Fire: Blowgun           |    11 |    11 ||    22
  Use: Potion            |     7 |     4 ||    11
 Stab: Sleeping          |     9 |     8 ||    17
Armor: Robe              |    15 |     8 ||    23
Dodge: Dodged            |    51 |    33 ||    84
Block: Other             |     1 |     5 ||     6
